 Dungeon Crawl Stone Soup version 0.31.0-11-ge490571c62 (webtiles) character file.

Game seed: 6387753529086498036

401 dialectric the Charlatan (level 6, -3/36 HPs)
             Began as a Gargoyle Artificer on Feb 4, 2024.
             Incinerated by a bombardier beetle (4 damage)
             ... with a burning spray
             ... on level 3 of the Dungeon.
             The game lasted 00:04:45 (2509 turns).

dialectric the Charlatan (Gargoyle Artificer)       Turns: 2509, Time: 00:04:45

Health: -3/36      AC: 15    Str: 18    XL:     6   Next: 85%
Magic:  6/6        EV:  8    Int: 11    God:
Gold:   174        SH:  0    Dex: 10    Spells: 5/5 levels left

rFire   . . .        r - +0 mace
rCold   . . .        (no shield)
rNeg    + . .        u - +2 chain mail {Will+}
rPois   ∞            (no helmet)
rElec   +            (no cloak)
rCorr   .            (no gloves)
SInv    .            (no boots)
Will    +....        (no amulet) Stlth
                     (no ring)
HPRegen 1.06/turn    (no ring)
MPRegen 0.10/turn

%: no passive effects
@: on fire, glowing
A: sickness immunity, AC +4, negative energy resistance 1, electricity
resistance, torment resistance 1, petrification resistance, talons 1,
regeneration 1
a: no special abilities


You were on level 3 of the Dungeon.
You visited 1 branch of the dungeon, and saw 3 of its levels.

You collected 174 gold pieces.

Inventory:

Hand Weapons
 a - a +0 club
 r - a +0 mace (weapon)
 t - a +0 flail
Missiles
 i - 4 poisoned darts
Armour
 b - a +0 leather armour
 u - a +2 chain mail of willpower (worn)
Jewellery
 f - a +4 ring of protection
Wands
 d - a wand of charming (9)
 e - a wand of iceblast (4)
Scrolls
 j - a scroll of revelation {unknown}
 m - a scroll of identify {unknown}
 o - a scroll of teleportation {unknown}
 p - a scroll of noise {unknown}
 q - a scroll of poison {unknown}
 s - a scroll of vulnerability {unknown}
Potions
 c - a potion of enlightenment {unknown}
 g - 2 potions of cancellation {unknown}
 h - 2 potions of mutation
 k - a potion of ambrosia {unknown}
 l - 2 potions of lignification {unknown}
 n - 3 potions of berserk rage {unknown}


   Skills:
 - Level 2.3 Fighting
 + Level 3.2 Maces & Flails
 * Level 3.7 Armour
 - Level 2.1 Dodging
 - Level 2.0 Stealth
 - Level 4.1 Evocations


You had 5 spell levels left.
You didn't know any spells.
Your spell library contained the following spells:

 Spells                   Type           Power      Damage    Failure   Level
 Petrify                  Alch/Erth      0%         N/A       100%        4
 Irradiate                Conj/Alch      0%         3d11      100%        5
 Summon Forest            Summ/Tloc      0%         N/A       100%        5
 Eringya's Noxious Bog    Alch           0%         4d6       100%        6
 Summon Hydra             Summ           0%         N/A       100%        7
 Sublimation of Blood     Necr           Unusable   N/A       N/A         2

Dungeon Overview and Level Annotations

Branches:
Dungeon (3/15)

Altars:
Gozag


Innate Abilities, Weirdness & Mutations

You are immune to sickness and miasma.
Your stone body is resilient. (AC +4)
You are immune to poison.
You resist negative energy. (rN+)
You are resistant to electric shocks. (rElec)
You are resistant to unholy torment.
You are immune to petrification.
You have sharp toenails.
Your natural rate of healing is unusually fast.


Message History

The bombardier beetle is heavily wounded.
The liquid fire burns you!
The bombardier beetle bites you but does no damage.
You hit the bombardier beetle but do no damage.
The bombardier beetle is heavily wounded.
The liquid fire burns you!
You barely miss the bombardier beetle.
The bombardier beetle is heavily wounded.
The liquid fire burns you!
The bombardier beetle sprays incendiary fluid at you.
The burning spray hits you.
You are even more covered in liquid fire!
You hit the bombardier beetle but do no damage.
The bombardier beetle is heavily wounded.
The liquid fire burns you!
The bombardier beetle bites you but does no damage.
You are too injured to fight recklessly!
You are too injured to fight recklessly!
You are too injured to fight recklessly!
You hit the bombardier beetle.
The bombardier beetle is almost dead.
The liquid fire burns you!
The bombardier beetle barely misses you.
You hit the bombardier beetle.
The bombardier beetle is almost dead.
The liquid fire burns you!
* * * LOW HITPOINT WARNING * * *
You hit the bombardier beetle.
You kill the bombardier beetle!
The liquid fire burns you!
* * * LOW HITPOINT WARNING * * *
You shake off some of the fire as you move.
The liquid fire burns you!
* * * LOW HITPOINT WARNING * * *
You see here a bombardier beetle corpse.
Unknown command.
It was a potion of mutation.
You feel extremely strange.
You begin to heal more quickly.
Your toenails lengthen and sharpen.
The liquid fire burns you!
You die...

#.# #..#.(.####.# #.#
###.##.#.###..# #.##
###...#..#...#.## #..##
#...##...###.#.# ##..##
#.####.#.# #.#.# ##..####.#
#..#.# #...#
##......###.##.###..>##
###..#...#...##......###
#......@......#.#######.
......##............# #8_8#.
...#####............. #...##
...................## #...##
...###.......)....######.###
##<.......#...## #.....(#
#...........### #.......
#..........## #.......
#..........# #......#


There were no monsters in sight!

Vanquished Creatures
  Sigmund (D:2)
  A bombardier beetle (D:3)
  2 orc priests (D:3)
  Terence (D:3)
  2 gnolls (D:1)
  5 adders
  2 dart slugs
  3 orcs
  4 ball pythons
  3 bats
  10 endoplasms
  A giant cockroach (D:2)
  11 goblins
  4 hobgoblins (D:3)
  2 quokkas (D:2)
  A frilled lizard (D:1)
  6 kobolds
  4 rats
63 creatures vanquished.

Vanquished Creatures (collateral kills)
  2 orcs
2 creatures vanquished.

Vanquished Creatures (others)
  An orc wizard (D:3)
1 creature vanquished.

Grand Total: 66 creatures vanquished

Notes
Turn   | Place    | Note
-------+----------+-------------------------------------------
     0 | D:1      | dialectric the Gargoyle Artificer began the quest for the
                  | Orb.
     0 | D:1      | Reached XP level 1. HP: 12/12 MP: 1/1
    78 | D:1      | Reached skill level 3 in Evocations
    78 | D:1      | Reached XP level 2. HP: 15/16 MP: 2/2
   153 | D:1      | Reached XP level 3. HP: 13/20 MP: 3/3
   220 | D:1      | Reached skill level 1 in Maces & Flails
   318 | D:1      | Found a faded altar of an unknown god.
   677 | D:2      | Noticed Sigmund
   682 | D:2      | Killed Sigmund
   683 | D:2      | Reached skill level 1 in Dodging
   683 | D:2      | Reached XP level 4. HP: 20/26 MP: 4/4
   683 | D:2      | Reached XP level 5. HP: 23/30 MP: 5/5
   790 | D:2      | Reached XP level 6. HP: 34/35 MP: 6/6
  2099 | D:3      | Reached skill level 4 in Evocations
  2316 | D:3      | Noticed Terence
  2320 | D:3      | Found an opulent altar of Gozag.
  2332 | D:3      | Killed Terence
  2508 | D:3      | HP: 1/36 [burnt (4)]
  2509 | D:3      | Gained mutation: Your natural rate of healing is unusually
                  | fast. [potion of mutation]
  2509 | D:3      | Gained mutation: You have sharp toenails. [potion of
                  | mutation]
  2509 | D:3      | Incinerated by a bombardier beetle

Illustrated notes

Levels and vault maps discovered:
D:1:      dpeg_arrival_simpleton_b, layout_rooms,
          shapermc_ecumenical_altar_pompeii
D:2:      layout_basic, uniq_sigmund
D:3:      layout_rooms, grunt_gozag_breadcrumbs, uniq_crazy_yiuf_cottage,
          uniq_terence

Skill      XL: |  1  2  3  4  5  6 |
---------------+-------------------+-----
Evocations     | 3 4 |  4.1
Maces & Flails | 2 3 |  3.2
Armour         | 3 |  3.7
Dodging        | 1 2 |  2.1
Stealth        | 2 |  2.0
Fighting       | 2 |  2.3

Action                     |  1- 3 |  4- 6 || total
---------------------------+-------+-------++-------
  Melee: Club              |   105 |   132 ||   237
         Punch             |     2 |     2 ||     4
         Mace              |       |    59 ||    59
  Evoke: Wand              |    13 |     9 ||    22
    Use: Potion            |       |     1 ||     1
   Stab: Sleeping          |     2 |     1 ||     3
 Armour: Leather armour    |    66 |   166 ||   232
         Chain mail        |       |     2 ||     2
  Dodge: Dodged            |    76 |   150 ||   226
